 Dungeon Crawl Stone Soup version 0.30.1-11-g7821555f0a (webtiles) character file.

Game seed: 1389699882566249094

22 Nonny the Ruffian (level 2, -4/27 HPs)
             Began as a Ghoul Cinder Acolyte on Nov 12, 2023.
             Was a High Priest of Ignis.
             Slain by Sigmund
             ... wielding a +1 scythe of freezing
              (9 damage)
             ... on level 2 of the Dungeon.
             The game lasted 00:04:38 (811 turns).

Nonny the Ruffian (Ghoul Cinder Acolyte)             Turns: 811, Time: 00:04:38

Health: -4/27      AC:  6    Str: 17    XL:     2   Next: 91%
Magic:  2/2        EV: 10    Int:  9    God:    Ignis [*****.]
Gold:   103        SH:  0    Dex:  4    Spells: 3/3 levels left

rFire   + .          .
                       - Unarmed
rCold   + . .        (no shield)
rNeg    + + +        j - +0 ring mail
rPois   ∞            g - +0 helmet
rElec   .            (no cloak)
rCorr   .            (no gloves)
SInv    .            (no boots)
Will    .....        (no amulet) Stlth
                     (no ring)
HPRegen 0.00/turn    (no ring)
MPRegen 0.08/turn

%: no passive effects
@: confused, inhibited regen
A: claws 1, cold resistance 1, negative energy resistance 3, inhibited
regeneration, torment resistance 2, devour on kill
a: Renounce Religion, Fiery Armour, Foxfire Swarm, Rising Flame


You were on level 2 of the Dungeon.
You worshipped Ignis.
Ignis was extremely pleased with you.
You visited 1 branch of the dungeon, and saw 2 of its levels.

You collected 103 gold pieces.

Inventory:

Missiles
 b - 5 poisoned darts (quivered)
Armour
 g - a +0 helmet (worn)
 j - a +0 ring mail (worn)
Scrolls
 a - a scroll of identify {unknown}
 f - a scroll of enchant weapon {unknown}
 h - a scroll of torment {unknown}
Potions
 c - a potion of mutation {unknown}
 d - a potion of haste {unknown}
 e - a potion of lignification {unknown}
 i - a potion of attraction {unknown}


   Skills:
 + Level 3.7 Fighting
 * Level 1.2 Stealth
 + Level 3.8 Unarmed Combat
 - Level 1.0 Spellcasting
 - Level 2.4 Fire Magic


You had 3 spell levels left.
You didn't know any spells.
Your spell library contained the following spells:

 Spells                   Type           Power      Damage    Failure   Level
 Scorch                   Fire           8%         2d5       36%         2
 Sandblast                Erth           0%         2d4       56%         1
 Passwall                 Tmut/Erth      0%         N/A       71%         2
 Stone Arrow              Conj/Erth      0%         3d7       90%         3


Dungeon Overview and Level Annotations

Branches:
Dungeon (2/15)

Altars:

Annotations:
D:2 Sigmund


Innate Abilities, Weirdness & Mutations

You are immune to poison.
You have sharp fingernails.
Your flesh is cold resistant. (rC+)
You are immune to negative energy. (rN+++)
You do not regenerate when monsters are visible.
You are immune to unholy pain and torment.
You thrive by killing the living.


Message History

You start putting on your armour.
You continue putting on your +0 ring mail. x5
You finish putting on your +0 ring mail.
Unknown command.
You drop a +0 robe.
(D) Dungeon
Where to? (Enter - D:1 @ (x,y), ? - help)
What level of the Dungeon? (default 1, ? - help)
There is a stone staircase leading down here.
You climb downwards.
The kobold shouts!
Found a scroll labelled REOKA FADUESAKH.
There is a stone staircase leading up here.
A kobold is nearby!
The kobold hits you but does no damage.
You barely miss the kobold. The kobold closely misses you.
You scratch the kobold but do no damage.
You closely miss the kobold. The kobold barely misses you.
You closely miss the kobold. You claw the kobold.
You kill the kobold!
Things that are here:
a +0 short sword; 5 stones
a - a scroll labelled REOKA FADUESAKH
Found a stone staircase leading down.
There is a stone staircase leading down here.
Sigmund the Dreaded comes into view.
He is wielding a +1 scythe of freezing.
Sigmund shouts!
Sigmund completely misses you. Sigmund gestures at you while chanting.
You are confused.
Sigmund gestures wildly while chanting.
Sigmund flickers and vanishes!
Deactivating autopickup; reactivate with Ctrl-A.
Something hits you! Something freezes you. Something hits you!
* * * LOW HITPOINT WARNING * * *
Something freezes you.
* * * LOW HITPOINT WARNING * * *
You bump into the rock wall.
Something hits you!
You die...

#.# #.# .# #.#.# .#
#.#.. .# #.#.#
########.# #.#.#
......#.#####.#.#
#..........@..##
#<..#####.{..#####.
#..###.....#.......
#..# #>###...####
#..# #.# ##.## #.)#
#.# #.# #..###.#
#.# #......# #.#
##.##### #..


There were no monsters in sight!

Vanquished Creatures
  A bat (D:1)
  3 endoplasms (D:1)
  A giant cockroach (D:1)
  2 goblins (D:1)
  3 hobgoblins (D:1)
  2 ball pythons (D:1)
  5 kobolds
  2 rats (D:1)
19 creatures vanquished.

Notes
Turn   | Place    | Note
-------+----------+-------------------------------------------
     0 | D:1      | Nonny the Ghoul Cinder Acolyte began the quest for the Orb.
     0 | D:1      | Reached XP level 1. HP: 19/19 MP: 1/1
    60 | D:1      | Starting vault: 4 huts
   186 | D:1      | Reached XP level 2. HP: 17/26 MP: 2/2
   222 | D:1      | Reached skill level 1 in Stealth
   804 | D:2      | Noticed Sigmund
   811 | D:2      | Slain by Sigmund

Illustrated notes

#.#..# #... .
####.#..###.### >#
#.............##.#
#.#####†#####....# #
#...#.#...#.#.## #.#
#...'.#...#[..# #...
#...#.#...#.##....
#....#####.##'##..#.###
#.(.@.............#
##.##'##.#####.#### #
#...#.#...#.#
#.>.#.'.<.#.#
#...#.#...#.#
#####.#####.# ... ..#
#### .#


Turn 60 on D:1: Starting vault: 4 huts

Levels and vault maps discovered:
D:1:      minmay_arrival_four_houses, layout_loops_ring,
          chequers_serial_rivers_large_a
D:2:      layout_loops_ring, basic_altar, minmay_tromino_i2, uniq_sigmund

Skill      XL: |  1  2 |
---------------+-------+-----
Stealth        | 1 |  1.2
Fighting       | |  3.7
Unarmed Combat | |  3.8
Spellcasting   | |  1.0
Fire Magic     | |  2.4

Action                     || total
---------------------------++-------
  Melee: Unarmed           ||    64
         Punch             ||     2
 Armour: Robe              ||    13
         Ring mail         ||     1
  Dodge: Dodged            ||    34
